 Dungeon Crawl Stone Soup version 0.27.1-34-g3ba077fa99 (webtiles) character file.

Game seed: 1464306663800446169

420 belegose the Skirmisher (level 6, -1/52 HPs)
             Began as a Minotaur Arcane Marksman on Jan 5, 2022.
             Slain by an ice beast (4 damage)
             ... on level 6 of the Dungeon.
             The game lasted 00:08:07 (4953 turns).

belegose the Skirmisher (Minotaur Arcane Marksman)  Turns: 4953, Time: 00:08:07

Health: -1/52      AC: 10    Str: 22    XL:     6   Next: 62%
Magic:  6/6        EV:  8    Int: 10    God:
Gold:   187        SH:  0    Dex: 11    Spells: 6/7 levels left

rFire    . . .     SeeInvis .   i - +0 mace
rCold    . . .     Faith    .   (no shield)
rNeg     . . .     Spirit   .   o - +0 chain mail
rPois    +         Reflect  .   (helmet restricted)
rElec    .         Harm     .   n - +0 cloak
rCorr    .         Rampage  .   (no gloves)
Will     .....                  (no boots)
Stlth    ..........             (no amulet)
HPRegen  0.17/turn              a - ring of poison resistance
MPRegen  0.10/turn              m - +6 ring of strength

@: no status effects
A: horns 2, retaliatory headbutt
a: no special abilities


You were on level 6 of the Dungeon.
You visited 1 branch of the dungeon, and saw 6 of its levels.

You collected 187 gold pieces.

Inventory:

Hand Weapons
 i - a +0 mace (weapon)
Missiles
 c - a throwing net (quivered)
 d - 16 bolts
 e - 127 stones
Armour
 n - a +0 cloak (worn)
 o - a +0 chain mail (worn)
Jewellery
 a - a ring of poison resistance (left hand)
 m - a +6 ring of strength (right hand)
Scrolls
 g - 3 scrolls of identify {unknown}
 h - 2 scrolls of enchant weapon {unknown}
 j - a scroll of fog {unknown}
 p - a scroll of magic mapping {unknown}
Potions
 f - a potion of heal wounds {unknown}
 k - a potion of attraction {unknown}
 l - a potion of might {unknown}
 q - a potion of magic {unknown}


   Skills:
 + Level 4.2 Fighting
 + Level 3.6 Maces & Flails
 + Level 4.0 Throwing
 + Level 2.8 Armour
 - Level 3.3 Dodging
 - Level 1.0 Spellcasting
 - Level 2.0 Hexes


You had 6 spell levels left.
You knew the following spells:

 Your Spells              Type           Power      Damage    Failure   Level
a - Corona                Hex            4%         N/A       80%         1

Your spell library contained the following spells:

 Spells                   Type           Power      Damage    Failure   Level
 Slow                     Hex            4%         N/A       90%         2
 Inner Flame              Hex/Fire       2%         N/A       99%         3
 Portal Projectile        Hex/Tloc       4%         N/A       99%         3
 Cause Fear               Hex            2%         N/A       100%        4


Dungeon Overview and Level Annotations

Branches:
Dungeon (6/15)
 Temple: D:4-7

Altars:


Innate Abilities, Weirdness & Mutations

You have a pair of horns on your head.
You reflexively headbutt those who attack you in melee.


Message History

You throw a javelin.
The javelin closely misses the ice beast.
Unknown command.
Throw: 4 javelins
Press: ? - help, Q - select action, (/) - cycle Shift-Dir - straight line, f/p - ice beast
Aim: an ice beast (59% to hit)
You throw a javelin.
The javelin closely misses the ice beast.
The ice beast hits you but does no damage.
Throw: 3 javelins
Press: ? - help, Q - select action, (/) - cycle Shift-Dir - straight line, f/p - ice beast
Aim: an ice beast (60% to hit)
You throw a javelin.
The javelin pierces through the ice beast.
The ice beast is lightly wounded.
The ice beast hits you. The ice beast freezes you!
* * * LOW HITPOINT WARNING * * *
Throw: 2 javelins
Press: ? - help, Q - select action, (/) - cycle Shift-Dir - straight line, f/p - ice beast
Aim: an ice beast (lightly wounded, 60% to hit)
You throw a javelin.
The javelin barely misses the ice beast.
The ice beast barely misses you.
Throw: javelin
Press: ? - help, Q - select action, (/) - cycle Shift-Dir - straight line, f/p - ice beast
Aim: an ice beast (lightly wounded, 59% to hit)
You throw a javelin.
The javelin pierces through the ice beast!
The ice beast is moderately wounded.
The ice beast hits you.
* * * LOW HITPOINT WARNING * * *
The ice beast freezes you!
* * * LOW HITPOINT WARNING * * *
Throw: 2 throwing nets
Press: ? - help, Q - select action, (/) - cycle Shift-Dir - straight line, f/p - ice beast
Aim: an ice beast (moderately wounded, 59% to hit)
You throw a throwing net.
The throwing net closely misses the ice beast.
The ice beast hits you.
You die...

## .. #. #. # ##.##
#..# #.#...## #..#
#......#### #..#
#....@Y((.# #..#
##.....##.# #..#
##...###.## #..#
##.......#
#####..##
######..###........
#...........##
........^...(.....#
###################


You could see an ice beast.

Vanquished Creatures
  A jelly (D:6)
  A centaur skeleton (D:4)
  A bullfrog skeleton (D:6)
  Jessica (D:3)
  3 iguanas
  Terence (D:2)
  Robin (D:1)
  3 gnolls (D:3)
  4 adders
  A howler monkey skeleton (D:4)
  A shadow imp (D:6)
  A worm (D:3)
  3 dart slugs
  6 orcs (D:3)
  4 bats
  7 endoplasms
  4 giant cockroaches
  16 goblins
  5 hobgoblins
  11 jackals
  4 quokkas
  7 ball pythons
  A frilled lizard (D:2)
  7 kobolds
  8 rats
102 creatures vanquished.

Notes
Turn   | Place    | Note
-------+----------+-------------------------------------------
     0 | D:1      | belegose the Minotaur Arcane Marksman began the quest for
                  | the Orb.
     0 | D:1      | Reached XP level 1. HP: 16/16 MP: 1/1
   265 | D:1      | Reached XP level 2. HP: 24/24 MP: 2/2
  1054 | D:1      | Reached XP level 3. HP: 20/29 MP: 3/3
  1235 | D:2      | Noticed Robin
  1505 | D:1      | Reached skill level 1 in Maces & Flails
  1618 | D:1      | Killed Robin
  1732 | D:2      | Found a faded altar of an unknown god.
  2000 | D:2      | Reached XP level 4. HP: 36/37 MP: 4/4
  2118 | D:2      | Noticed Terence
  2132 | D:2      | Killed Terence
  3533 | D:3      | Reached XP level 5. HP: 45/45 MP: 5/5
  3533 | D:3      | Noticed Jessica
  3544 | D:3      | Killed Jessica
  3545 | D:3      | Reached skill level 1 in Armour
  4600 | D:4      | Reached XP level 6. HP: 52/52 MP: 6/6
  4679 | D:4      | You fall into a shaft and drop 1 floor!
  4679 | D:5      | Entered Level 5 of the Dungeon
  4946 | D:6      | Noticed an ice beast
  4953 | D:6      | Slain by an ice beast

Illustrated notes

Levels and vault maps discovered:
D:1:      minmay_arrival_stair_chambers, layout_basic
D:2:      layout_basic, chequers_ecumenical_altar_simple, uniq_terence,
          uniq_robin
D:3:      layout_loops_corners, uniq_jessica
D:4:      layout_loops_ring, serial_shops, nicolae_shop_behind_doors
D:5:      layout_basic
D:6:      lemuel_slime, layout_loops_ring,
          minmay_temple_entry_statues_fountains, enter_ossuary_5

Skill      XL: |  1  2  3  4  5  6 |
---------------+-------------------+-----
Fighting       | 2 3 4 |  4.2
Maces & Flails | 1 2 3 |  3.6
Dodging        | 3 |  3.3
Throwing       | 3 4 |  4.0
Armour         | 2 |  2.8
Spellcasting   | |  1.0
Hexes          | |  2.0

Action                   |  1- 3 |  4- 6 || total
-------------------------+-------+-------++-------
Melee: Unarmed           |    14 |       ||    14
       Headbutt          |    15 |    25 ||    40
       Club              |    19 |       ||    19
       Mace              |    66 |   153 ||   219
Throw: Javelin           |       |    14 ||    14
       Throwing net      |       |     1 ||     1
Armor: Robe              |    15 |       ||    15
       Leather armour    |    12 |       ||    12
       Scale mail        |       |    26 ||    26
       Chain mail        |       |    57 ||    57
Dodge: Dodged            |    78 |    70 ||   148
